 Dungeon Crawl Stone Soup version 0.24.0-123-gd5b16e6ec5 (webtiles) character file.

Game seed: 14849603048547252296, levelgen mode: deterministic

25 Legadrian the Insei (level 3, 0/26 HPs)
             Began as a Human Transmuter on Feb 11, 2020.
             Slain by a worm (3 damage)
             ... on level 2 of the Dungeon.
             The game lasted 00:04:54 (1204 turns).

Legadrian the Insei (Human Transmuter)              Turns: 1204, Time: 00:04:54

Health: 0/26       AC:  3    Str: 10    XL:     3   Next: 17%
Magic:  7/7        EV: 12    Int: 12    God:
Gold:   57         SH:  0    Dex: 13    Spells: 4/7 levels left

rFire    . . .     SeeInvis .   e - +0 whip (curse)
rCold    . . .     Gourm    .   (no shield)
rNeg     . . .     Faith    .   b - +1 robe
rPois    .         Spirit   .   (no helmet)
rElec    .         Reflect  .   (no cloak)
rCorr    .         Harm     .   (no gloves)
MR       .....                  (no boots)
Stlth    +.........             (no amulet)
HPRegen  0.08/turn              f - -2 ring of intelligence (curse)
MPRegen  0.10/turn              (no ring)

@: appendage (expiring)
A: horns 2
a: End Transformation


You were on level 2 of the Dungeon.
You were not hungry.
You had grown temporary horns.
You visited 1 branch of the dungeon, and saw 2 of its levels.

You collected 57 gold pieces.

Inventory:

Hand Weapons
 e - a cursed +0 whip (weapon)
 n - a +0 short sword
Missiles
 a - 28 arrows
 c - 78 stones (quivered)
 j - 21 sling bullets
Armour
 b - a +1 robe (worn)
 m - a +0 buckler
Jewellery
 f - a cursed -2 ring of intelligence (left hand)
 p - a cursed ring of teleportation {unknown}
Scrolls
 l - a scroll of identify
 o - a scroll of immolation {unknown}
 q - a scroll of fog
Potions
 g - a potion of curing
 h - a potion of resistance {unknown}
 i - a potion of flight {unknown}
 r - a potion of agility {unknown}
Comestibles
 d - a ration
 k - a chunk of flesh


   Skills:
 - Level 1.0 Fighting
 - Level 0.1 Maces & Flails
 - Level 2.0 Dodging
 - Level 0.2 Stealth
 - Level 3.0 Unarmed Combat
 + Level 2.7 Spellcasting
 + Level 2.6 Transmutations


You had 4 spell levels left.
You knew the following spells:

 Your Spells              Type           Power        Failure   Level  Hunger
a - Beastly Appendage     Tmut           #.....       9%          1    #......
b - Sticks to Snakes      Tmut           #.......     13%         2    ###....

Your spell library contained the following spells:

 Spells                   Type           Power        Failure   Level  Hunger
 Spider Form              Tmut/Pois      #.........   41%         3    ###....
 Ice Form                 Ice/Tmut       #.......     83%         4    #####..
 Blade Hands              Tmut           #.........   94%         5    ######.


Dungeon Overview and Level Annotations

Branches:
Dungeon (2/15)

Altars:


Innate Abilities, Weirdness & Mutations

You have a pair of horns on your head.


Message History

The worm misses you.
You hit the worm but do no damage. The worm barely misses you.
You hit the worm but do no damage. You hit the worm but do no damage.
You headbutt the worm.
The worm is lightly wounded.
The worm bites you.
You hit the worm. You headbutt the worm.
The worm is heavily wounded.
The worm bites you!
You hit the worm but do no damage.
The worm is heavily wounded.
Your transformation is almost over.
The worm bites you!
* * * LOW HITPOINT WARNING * * *
You hit the worm.
The worm is heavily wounded.
You hit the worm.
The worm is almost dead.
The worm bites you.
You die...

####. .. #...... #.#.#[#
.. #.#.#.# #.# #w#...#
#.# #@#..# # ####.#
#.#..##.# ##.##.#
#.......#
####...#.#######.....##
+....รท..................
####......######....<...
##......# #..#.###.
##.....# #...## #.....#
..#..#


You could see a worm.

Vanquished Creatures
  2 oozes (D:1)
  A bat (D:1)
  2 giant cockroaches (D:1)
  2 goblins (D:1)
  2 hobgoblins (D:1)
  2 frilled lizards
  2 kobolds (D:1)
  3 rats (D:1)
16 creatures vanquished.

Notes
Turn   | Place    | Note
-------+----------+-------------------------------------------
     0 | D:1      | Legadrian the Human Transmuter began the quest for the Orb.
     0 | D:1      | Reached XP level 1. HP: 15/15 MP: 3/3
    48 | D:1      | Reached XP level 2. HP: 20/21 MP: 3/5
    52 | D:1      | Learned a level 2 spell: Sticks to Snakes
   666 | D:1      | Reached XP level 3. HP: 21/26 MP: 6/6
  1204 | D:2      | Slain by a worm

Levels and vault maps discovered:
D:1:      erik_arrival_gehennom, layout_basic
D:2:      layout_loops_corners, tso_metal_star, lemuel_round_altar

Action                   || total
-------------------------++-------
Melee: Unarmed           ||    14
       Kick              ||     3
       Whip              ||    55
       Headbutt          ||     3
 Cast: Beastly Appendage ||     6
  Use: Scroll            ||     4
 Stab: Sleeping          ||     2
  Eat: Chunk             ||     1
Armor: Robe              ||    16
Dodge: Dodged            ||    29
